 Dungeon Crawl Stone Soup version 0.21.1 (webtiles) character file.

20244 hpc the Cleaver (level 13, -8/104 HPs)
             Began as a Formicid Fighter on Feb 2, 2018.
             Was a High Priest of Makhleb.
             Mangled by Rupert
             ... wielding a +1 great mace of protection
              (17 damage)
             ... on level 12 of the Dungeon.
             The game lasted 00:20:29 (11392 turns).

hpc the Cleaver (Formicid Fighter)                 Turns: 11392, Time: 00:20:30

Health: -8/104     AC: 18    Str: 24    XL:     13   Next: 10%
Magic:  14/14      EV:  7    Int:  8    God:    Makhleb [*****.]
Gold:   563        SH: 13    Dex: 16    Spells: 12/12 levels left

rFire    . . .     SeeInvis +   g - +6 battleaxe "Ideth" {freeze, Dex+4}
rCold    . . .     Gourm    .   c - +0 shield
rNeg     . . .     Faith    .   y - +0 plate armour
rPois    .         Spirit   .   (helmet unavailable)
rElec    .         Reflect  .   b - scarf {repulsion}
rCorr    .         Harm     .   i - +2 pair of gloves
MR       +....                  (no boots)
Stlth    ..........             (no amulet)
HPRegen  0.27/turn              (no ring)
MPRegen  0.14/turn              (no ring)

@: repel missiles
A: permanent stasis, dig shafts and tunnels, four strong arms, antennae 3
a: Dig, Shaft Self, Minor Destruction, Lesser Servant of Makhleb, Major
Destruction, Greater Servant of Makhleb, Renounce Religion


You were on level 12 of the Dungeon.
You worshipped Makhleb.
Makhleb was extremely pleased with you.
You were not hungry.

You visited 2 branches of the dungeon, and saw 13 of its levels.
You visited the Abyss 1 time.

You collected 850 gold pieces.
You spent 287 gold pieces at shops.

Inventory:

Hand Weapons
 g - the +6 battleaxe "Ideth" (weapon) {freeze, Dex+4}
   (You bought it in a shop on level 7 of the Dungeon)

   It has been specially enchanted to freeze those struck by it, causing extra
   injury to most foes and up to half again as much damage against particularly
   susceptible opponents.
   It can also slow down cold-blooded creatures.
   It affects your dexterity (+4).
Armour
 b - a scarf of repulsion (worn)
 c - a +0 shield (worn)
 i - a +2 pair of gloves (worn)
 y - a +0 plate armour (worn)
Jewellery
 a - an uncursed ring of protection from fire {unknown}
 e - an uncursed ring of protection from fire {unknown}
 j - a cursed ring of teleportation {unknown}
 k - an uncursed ring of wizardry {unknown}
 l - an uncursed amulet of regeneration {unknown}
 o - a cursed -2 ring of strength {unknown}
 F - the amulet "Puirghoo" {Gourm rF+ Int+6 Slay+2, unknown}
   (You found it on level 9 of the Dungeon)

   [amulet of the gourmand]

   It allows you to eat raw meat even when not hungry.
   It affects your intelligence (+6).
   It affects your accuracy and damage with ranged weapons and melee attacks
   (+2).
   It protects you from fire.
 K - an uncursed amulet of the gourmand {unknown}
 M - an uncursed amulet of harm {unknown}
Wands
 D - a wand of polymorph (21)
 I - a wand of digging (11)
 J - a wand of paralysis (18)
 O - a wand of enslavement (11)
 Q - a wand of random effects (24)
Scrolls
 h - 2 scrolls of amnesia
 m - 4 scrolls of remove curse
 n - 4 scrolls of enchant weapon
 s - 2 scrolls of enchant armour
 t - 8 scrolls of identify
 E - 2 scrolls of fear
 N - a scroll of silence {unknown}
 P - a scroll of fog {unknown}
Potions
 d - 2 potions of might
 p - 2 potions of resistance
 q - 2 potions of lignification
 r - 4 potions of magic
 u - 5 potions of curing
 v - a potion of brilliance {unknown}
 x - 2 potions of heal wounds
 z - 3 potions of haste {unknown}
 A - 2 potions of agility
 C - a potion of flight
 L - a potion of mutation {unknown}
Books
 w - a book of the Dragon

   Spells                             Type                      Level
   a - Flame Tongue                   Conjuration/Fire             1
   b - Cause Fear                     Hexes                        4
   c - Bolt of Fire                   Conjuration/Fire             6
   d - Dragon Form                    Transmutation                7
   e - Dragon's Call                  Summoning                    9
 B - a book of Party Tricks

   Spells                             Type                      Level
   a - Summon Butterflies             Summoning                    1
   b - Apportation                    Translocation                1
   c - Lesser Beckoning               Translocation                3
   d - Tukima's Dance                 Hexes                        3
   e - Alistair's Intoxication        Transmutation/Poison         5
   f - Invisibility                   Hexes                        6
 H - a book of Minor Magic

   Spells                             Type                      Level
   a - Magic Dart                     Conjuration                  1
   b - Blink                          Translocation                2
   c - Call Imp                       Summoning                    2
   d - Slow                           Hexes                        2
   e - Conjure Flame                  Conjuration/Fire             3
   f - Mephitic Cloud                 Conjuration/Poison/Air       3
Comestibles
 f - 24 rations


   Skills:
 + Level 10.7 Fighting
 * Level 13.0 Axes
 + Level 10.6 Armour
 + Level 11.6 Shields
 + Level 2.4 Invocations


You had 12 spell levels left.
You didn't know any spells.

Dungeon Overview and Level Annotations

Branches:
Dungeon (12/15)            Temple (1/1) D:7            Lair (0/6) D:9
    Orc (0/2) D:11

Altars:
Ashenzari
Cheibriados
Dithmenos
Elyvilon
Fedhas
Gozag
Hepliaklqana
Kikubaaqudgha
Makhleb
Nemelex Xobeh
Okawaru
Qazlal
Ru
Sif Muna
Trog
Uskayaw
Vehumet
Wu Jian
Yredelemnul
Zin
The Shining One

Shops:
D:7 *   D:9 (   D:10 *   D:11 (

Annotations:
D:12 Rupert


Innate Abilities, Weirdness & Mutations

You cannot be hasted, slowed, berserked, paralysed or teleported.
You can dig through walls and to a lower floor.
Your four strong arms can wield two-handed weapons with a shield.
You have a pair of large antennae on your head. (SInv)


Message History

You hit Rupert but do no damage.
Rupert is moderately wounded.
Rupert hits you with a great mace of protection.
You slash Rupert! You freeze Rupert.
Rupert is moderately wounded.
Rupert hits you with a great mace of protection!!
* * * LOW HITPOINT WARNING * * *
Rupert hits you with a great mace of protection!
* * * LOW HITPOINT WARNING * * *
You slash Rupert! You freeze Rupert.
Rupert is heavily wounded.
Rupert is no longer berserk.
Rupert hits you with a great mace of protection.
* * * LOW HITPOINT WARNING * * *
You closely miss Rupert.
Rupert is heavily wounded.
You slice Rupert!! You freeze Rupert.
Rupert is severely wounded.
Rupert hits you with a great mace of protection!
You die...

# #.........#
#.........# #
#.........#
#####'##### #
#...####### #..##
#### ###.#######
##..#
...#####.....# ..#
#####†##
...##..'.#.### #.#
#......#
...##.##.#.#
#.##### #(.....#
...##.##.#.#
###.@...## #......#
...##.##(#..
#..@###..###......#
...##.##.### #####
##...#......#
...'..##..
###.'...(..#
...#######
###......# ...#
######## .<.# ####


You could see Rupert.

Vanquished Creatures
  Erolcha (D:11)
  6 two-headed ogres
  The ghost of Phong the Spear-Bearer, a novice OpSk of Kikubaaqudgha (D:9)
  An unseen horror (D:11)
  The ghost of tidbits the Insei, a novice GnTm (D:8)
  2 ugly things
  3 cyclopes
  A manticore (D:11)
  The ghost of Paps the Cudgeler, a novice GrFi (D:6)
  Psyche (D:8)
  A gargoyle (D:12)
  A kobold demonologist (D:11)
  2 trolls
  A hippogriff (D:12)
  Eustachio (D:6)
  A wyvern (D:12)
  7 yaks
  A shadow (D:12)
  A vampire (D:10)
  A human (D:9)
  Grum (D:10)
  3 vampire mosquitoes (D:12)
  A hungry ghost (D:11)
  A steam dragon (D:12)
  Menkaure (D:6)
  A porcupine (D:9)
  2 ice beasts
  2 sky beasts
  6 orc warriors
  4 phantoms
  8 black bears
  A necrophage (D:7)
  4 centaurs
  3 wolves (D:10)
  6 ogres
  3 big kobolds
  A crocodile (D:9)
  10 bullfrogs
  A wyvern zombie (D:7)
  4 scorpions
  9 killer bees
  19 wights
  A howler monkey (D:11)
  4 crimson imps
  8 orc priests
  A quasit (D:6)
  4 centaur skeletons
  A centaur zombie (D:11)
  3 jellies
  7 hounds
  13 orc wizards
  2 bullfrog skeletons
  An iguana (D:9)
  4 worker ants
  2 worker ant zombies (D:11)
  7 gnolls
  8 adders
  3 shadow imps
  4 oozes
  5 worms
  A dart slug (D:1)
  2 leopard geckos
  34 orcs
  2 giant cockroaches
  A hobgoblin (D:2)
  3 jackals (D:4)
  6 quokkas
  4 bats
  3 frilled lizards
  6 goblins
  18 kobolds
  A leopard gecko skeleton (D:6)
  2 quokka skeletons
  6 rats
  18 fungi
  7 plants
318 creatures vanquished.

Vanquished Creatures (others)
  A bush (D:10)
  32 fungi (D:9)
  3 plants (D:9)
36 creatures vanquished.

Grand Total: 354 creatures vanquished

Notes
Turn   | Place    | Note
-------+----------+-------------------------------------------
     0 | D:1      | hpc the Formicid Fighter began the quest for the Orb.
     0 | D:1      | Reached XP level 1. HP: 18/18 MP: 1/1
   160 | D:1      | Reached XP level 2. HP: 24/24 MP: 2/2
   813 | D:2      | Reached XP level 3. HP: 23/29 MP: 3/3
  1159 | D:2      | Found a glowing golden altar of the Shining One.
  1905 | D:3      | Reached XP level 4. HP: 37/37 MP: 4/4
  2073 | D:4      | Reached skill level 3 in Axes
  2158 | D:4      | Found a glowing drain.
  2285 | D:4      | Reached XP level 5. HP: 38/42 MP: 5/5
  2342 | D:4      | Found a shattered altar of Ashenzari.
  2876 | D:4      | You fall through a shaft!
  2876 | D:5      | Entered Level 5 of the Dungeon
  2896 | D:5      | Noticed a phantom
  2938 | D:5      | Killed a phantom
  2938 | D:5      | Reached skill level 4 in Axes
  2938 | D:5      | Reached XP level 6. HP: 27/49 MP: 6/6
  3135 | D:4      | Found a hide-covered altar of Uskayaw.
  3336 | D:4      | Reached skill level 5 in Shields
  3672 | D:5      | Noticed an ice beast
  3687 | D:5      | Killed an ice beast
  3687 | D:5      | Reached XP level 7. HP: 32/55 MP: 7/7
  3893 | D:5      | Reached skill level 5 in Axes
  3957 | D:5      | Reached skill level 5 in Fighting
  4287 | D:6      | Noticed Paps's ghost (novice GrFi)
  4315 | D:6      | Killed Paps's ghost
  4315 | D:6      | Reached skill level 5 in Armour
  4315 | D:6      | Reached XP level 8. HP: 22/63 MP: 8/8
  4650 | D:6      | Reached skill level 6 in Axes
  4716 | D:6      | Found a sparkling altar of Nemelex Xobeh.
  5050 | D:6      | Noticed Eustachio
  5092 | D:6      | Killed Eustachio
  5092 | D:6      | Reached XP level 9. HP: 66/69 MP: 9/9
  5149 | D:6      | Reached skill level 7 in Axes
  5263 | D:6      | Found a shadowy altar of Dithmenos.
  5314 | D:6      | Noticed Menkaure
  5322 | D:6      | Killed Menkaure
  5857 | D:7      | Found Fahoalab's Assorted Antiques.
  5862 | D:7      | Bought an encrusted battleaxe for 287 gold pieces
  5862 | D:7      | Identified the +6 battleaxe "Ideth" {freeze, Dex+4} (You bought it in a shop on level 7 of the Dungeon)
  6044 | D:7      | Found a staircase to the Ecumenical Temple.
  6066 | Temple   | Entered the Ecumenical Temple
  6290 | Temple   | Became a worshipper of Makhleb the Destroyer
  6324 | D:7      | Reached skill level 8 in Axes
  6702 | D:8      | Reached * piety under Makhleb
  6740 | D:8      | Noticed a two-headed ogre
  6743 | D:8      | Killed a two-headed ogre
  6743 | D:8      | Reached skill level 9 in Axes
  6743 | D:8      | Reached XP level 10. HP: 79/79 MP: 10/10
  6747 | D:8      | Noticed tidbits's ghost (novice GnTm)
  6748 | D:8      | Noticed Psyche
  6791 | D:8      | Killed tidbits's ghost
  6795 | D:8      | Noticed a two-headed ogre
  6803 | D:8      | Killed a two-headed ogre
  6917 | D:8      | Cast into level 2 of the Abyss (Psyche)
  6930 | D:8      | Escaped the Abyss
  6935 | D:8      | Killed Psyche
  7628 | D:9      | Noticed a two-headed ogre
  7636 | D:9      | Killed a two-headed ogre
  7636 | D:9      | Reached skill level 10 in Axes
  7636 | D:9      | Reached XP level 11. HP: 52/87 MP: 11/11
  7791 | D:9      | Noticed Phong's ghost (novice OpSk)
  7811 | D:9      | Killed Phong's ghost
  7818 | D:9      | Found a staircase to the Lair.
  7839 | D:9      | Found a sparkling altar of Nemelex Xobeh.
  7889 | D:9      | Got a sparkling graven amulet
  7926 | D:9      | Reached ** piety under Makhleb
  8024 | D:9      | Noticed a two-headed ogre
  8030 | D:9      | Killed a two-headed ogre
  8030 | D:9      | Reached skill level 11 in Axes
  8078 | D:9      | Found Ganusche's Antique Weapon Shop.
  8144 | D:9      | Reached skill level 10 in Shields
  8371 | D:10     | Entered Level 10 of the Dungeon
  8397 | D:10     | Noticed Grum
  8418 | D:10     | Killed Grum
  8730 | D:10     | Reached *** piety under Makhleb
  9068 | D:10     | Noticed a two-headed ogre
  9077 | D:10     | Killed a two-headed ogre
  9101 | D:10     | Found Voeg Feu's Changing Room.
  9102 | D:10     | Noticed a cyclops
  9119 | D:10     | Killed a cyclops
  9119 | D:10     | Reached XP level 12. HP: 96/96 MP: 12/12
  9547 | D:11     | Found Geshre's Weapon Shoppe.
  9565 | D:11     | Noticed an unseen horror
  9610 | D:11     | Killed an unseen horror
  9610 | D:11     | Reached skill level 10 in Fighting
  9610 | D:11     | Reached skill level 12 in Axes
  9702 | D:11     | Noticed a two-headed ogre
  9708 | D:11     | Reached skill level 10 in Armour
  9711 | D:11     | Killed a two-headed ogre
  9732 | D:11     | Found a staircase to the Orcish Mines.
  9762 | D:11     | Noticed Erolcha
  9773 | D:11     | Killed Erolcha
 10285 | D:11     | Found a blossoming altar of Fedhas.
 10562 | D:12     | Reached **** piety under Makhleb
 10809 | D:12     | Reached skill level 1 in Invocations
 10875 | D:12     | Reached XP level 13. HP: 104/104 MP: 14/14
 10940 | D:12     | Reached ***** piety under Makhleb
 11042 | D:12     | Noticed Rupert
 11370 | D:12     | Reached skill level 13 in Axes
 11392 | D:12     | Mangled by Rupert

Skill      XL: |  1  2  3  4  5  6  7  8  9 10 11 12 13 |
---------------+----------------------------------------+-----
Shields        | 4 5 6 8 9 10 11 | 11.6
Axes           | 3 4 5 6 9 10 11 12 13 | 13.0
Fighting       | 4 5 6 7 8 9 10 | 10.7
Armour         | 4 5 6 7 8 9 10 | 10.6
Invocations    | 1 2 |  2.4

Action                   |  1- 3 |  4- 6 |  7- 9 | 10-12 | 13-15 || total
-------------------------+-------+-------+-------+-------+-------++-------
Melee: War axe           |    88 |   143 |   253 |       |       ||   484
       Battleaxe         |       |       |    54 |   477 |    58 ||   589
  Use: Potion            |       |       |     1 |     2 |       ||     3
       Scroll            |       |       |    17 |       |       ||    17
 Stab: Paralysed         |       |       |       |     1 |       ||     1
  Eat: Chunk             |     3 |     6 |     7 |    15 |     1 ||    32
       Ration            |       |       |     1 |       |       ||     1
Armor: Scale mail        |    38 |    10 |       |       |       ||    48
       Plate armour      |       |    74 |   162 |   194 |    24 ||   454
Dodge: Dodged            |    18 |    19 |    83 |   100 |    18 ||   238
       Deflected         |       |       |       |     5 |     1 ||     6
Block: Shield            |    45 |    78 |   174 |   297 |    38 ||   632
